 Dungeon Crawl Stone Soup version 0.21.1-1-g345015f (webtiles) character file.

28 Mgcat the Insei (level 3, -3/23 HPs)
             Began as an Octopode Transmuter on Mar 23, 2018.
             Killed from afar by a dart slug (7 damage)
             ... with a slug dart
             ... on level 1 of the Dungeon.
             The game lasted 00:01:17 (369 turns).

Mgcat the Insei (Octopode Transmuter)                Turns: 369, Time: 00:01:18

Health: -3/23      AC:  1    Str: 10    XL:     3   Next: 14%
Magic:  5/6        EV: 13    Int: 15    God:
Gold:   25         SH:  0    Dex: 12    Spells: 5/6 levels left

rFire    . . .     SeeInvis .     - Unarmed
rCold    . . .     Gourm    .   (no shield)
rNeg     . . .     Faith    .   (helmet restricted)
rPois    .         Spirit   .   (no amulet)
rElec    .         Reflect  .   (no ring)
rCorr    .         Harm     .   (no ring)
MR       .....                  (no ring)
Stlth    +++.......             (no ring)
HPRegen  0.07/turn              (no ring)
MPRegen  0.10/turn              (no ring)
                                (no ring)
                                (no ring)

@: no status effects
A: almost no armour, stealthy swim, amphibious, 8 rings, constrict 8, camouflage
1, gelatinous body 1
a: no special abilities


You were on level 1 of the Dungeon.
You were not hungry.

You visited 1 branch of the dungeon, and saw 1 of its levels.

You collected 25 gold pieces.

Inventory:

Missiles
 a - 12 arrows
Scrolls
 e - a scroll of random uselessness {unknown}
 f - a scroll of immolation {unknown}
Books
 b - a book of Changes
Comestibles
 c - 2 rations
 d - a chunk of flesh {@w0}


   Skills:
 + Level 1.6 Fighting
 + Level 2.4 Dodging
 + Level 1.9 Stealth
 + Level 3.3 Unarmed Combat
 - Level 2.0 Spellcasting
 - Level 2.0 Transmutations


You had 5 spell levels left.
You knew the following spells:

 Your Spells              Type           Power        Failure   Level  Hunger
a - Beastly Appendage     Tmut           #.....       10%         1    #......


Dungeon Overview and Level Annotations

Branches:
Dungeon (1/15)

Altars:


Innate Abilities, Weirdness & Mutations

You cannot wear most types of armour.
You are very stealthy in the water. (Stealth+)
You are amphibious.
You can wear up to eight rings at the same time.
You can use your tentacles to constrict eight enemies at once.
Your skin changes colour to match your surroundings (Stealth+).
Your rubbery body absorbs attacks. (AC +1, EV +1)


Message History

d - 4 chunks of flesh {@w0} (gained 1)
e - a scroll labeled DYTOFO GITTUNE Some of the chunks of flesh in your inventory have rotted away.
A goblin comes into view. It is wielding a club.
The goblin shouts!
Casting: Beastly Appendage
Confirm with . or Enter, or press ? or * to list all spells.
You miscast Beastly Appendage.
You are very lightly contaminated with residual magic.
Nothing appears to happen.
A leopard gecko comes into view.
A rat comes into view.
Casting: Beastly Appendage
Confirm with . or Enter, or press ? or * to list all spells.
One of your tentacles grows a vicious spike.
The goblin closely misses you.
A rat comes into view.
You closely miss the goblin. You grab the goblin. You constrict the goblin.
The goblin hits you with a club.
You tentacle-slap the goblin.
You kill the goblin!
You tentacle-slap the rat.
You kill the rat!
You see here a club.
You tentacle-slap the rat.
You kill the rat!
No target in view!
No target in view!
No target in view!
Your transformation is almost over.
Found a stone staircase leading down.
A leopard gecko is nearby!
Casting: Beastly Appendage
Confirm with . or Enter, or press ? or * to list all spells.
You extend your transformation's duration.
The leopard gecko hisses angrily.
The leopard gecko closely misses you.
You tentacle-slap the leopard gecko. Your grab misses the leopard gecko.
You kill the leopard gecko!
No target in view!
No target in view!
Your magical contamination has completely faded away.
f - a scroll labeled REDGHY POZOETS Your transformation is almost over.
A giant cockroach comes into view.
A giant cockroach is nearby!
Your tentacle spike disappears.
A leopard gecko, a rat, a goblin and a kobold come into view.
A hobgoblin comes into view.
The leopard gecko bites you. x2
Casting: Beastly Appendage
Confirm with . or Enter, or press ? or * to list all spells.
One of your tentacles grows a vicious spike.
The leopard gecko closely misses you.
You tentacle-slap the leopard gecko. You grab the leopard gecko.
You kill the leopard gecko!
You have reached level 3!
Your experience leads to an increase in your attributes!
Increase (S)trength, (I)ntelligence, or (D)exterity?
You feel stronger.
Your transformation is almost over.
You closely miss the goblin. Your grab misses the goblin.
The hobgoblin shouts!
The goblin hits you with a club.
A goblin, a hobgoblin and a dart slug come into view.
The hobgoblin shouts!
The goblin shouts!
You tentacle-slap the goblin.
You kill the goblin!
You hear a bark!
A jackal comes into view.
You barely miss the giant cockroach. Your grab misses the giant cockroach.
Your squeeze misses the giant cockroach.
The giant cockroach bites you. The kobold barely misses you.
You barely miss the giant cockroach. Your grab misses the giant cockroach.
Your tentacle spike disappears.
The giant cockroach misses you. The kobold hits you with a short sword.
* * * LOW HITPOINT WARNING * * *
You tentacle-slap the kobold. Your grab misses the kobold.
Your squeeze misses the kobold.
The kobold is heavily wounded.
The giant cockroach bites you but does no damage.
You tentacle-slap the kobold.
You kill the kobold!
The giant cockroach closely misses you.
You barely miss the giant cockroach. You grab the giant cockroach.
You constrict the giant cockroach. The giant cockroach barely misses you.
You tentacle-slap the giant cockroach but do no damage.
The giant cockroach is moderately wounded.
You constrict the giant cockroach, but do no damage.
The giant cockroach barely misses you. The giant cockroach misses you.
You tentacle-slap the giant cockroach.
The giant cockroach is heavily wounded.
You constrict the giant cockroach. The giant cockroach misses you.
You tentacle-slap the giant cockroach.
You kill the giant cockroach!
The hobgoblin hits you.
* * * LOW HITPOINT WARNING * * *
The dart slug launches a dart at you. The slug dart hits you!
You die...

...>.........).............
..........#######..########
..........########.########
...........................
#.#.........#..##....######
##.#.........##....#.#'.....
#............#######.#......
#............# #.#...##.
#..........@.# #.#..####
#.......).g(.# #.#..####
#......w..g..# #.#...##.
#............# #.#......
#####.#.........# ##.....
...w............# ######
#.####..######### #####
.g.#r#.)# #..... ....##..#
......


You could see a dart slug, a hobgoblin and a goblin.

Vanquished Creatures
  3 dart slugs (D:1)
  3 leopard geckos (D:1)
  A giant cockroach (D:1)
  2 hobgoblins (D:1)
  3 bats (D:1)
  2 goblins (D:1)
  3 kobolds (D:1)
  2 rats (D:1)
19 creatures vanquished.

Notes
Turn   | Place    | Note
-------+----------+-------------------------------------------
     0 | D:1      | Mgcat the Octopode Transmuter began the quest for the Orb.
     0 | D:1      | Reached XP level 1. HP: 13/13 MP: 3/3
    77 | D:1      | Reached skill level 1 in Stealth
    77 | D:1      | Reached XP level 2. HP: 16/18 MP: 5/5
   352 | D:1      | Reached XP level 3. HP: 12/23 MP: 4/6
   361 | D:1      | HP: 4/23 [kobold/short sword (5)]
   367 | D:1      | HP: 4/23 [hobgoblin (1)]
   369 | D:1      | Killed from afar by a dart slug

Skill      XL: |  1 |
---------------+----+-----
Stealth        | 1 |  1.9
Fighting       | |  1.6
Dodging        | |  2.4
Unarmed Combat | |  3.3
Spellcasting   | |  2.0
Transmutations | |  2.0

Action                   || total
-------------------------++-------
Melee: Unarmed           ||    40
       Constrict         ||    10
       Kick              ||     6
       Tentacles         ||     4
       Punch             ||     1
 Cast: Beastly Appendage ||     9
 Stab: Sleeping          ||     2
Armor: Skin              ||     2
Dodge: Dodged            ||    19

Vault maps used:
D:1:      minmay_arrival_four_loops, minmay_misc_feat_rows, minmay_nonomino_d4

Table legend:
 A = Turns spent in this place as a percentage of turns spent in the entire game.
 B = Non-inter-level travel turns spent in this place as a percentage of non-inter-level travel turns spent in the entire game.
 C = Inter-level travel turns spent in this place as a percentage of turns spent in this place.
 D = Turns resting spent in this place as a percentage of non-inter-level travel turns spent in this place.
 E = Turns spent auto-exploring this place as a percentage of non-inter-level travel turns spent in this place.
 F = Non-inter-level travel turns spent in this place divided by the number of levels of this place that you've seen.
                   A       B       C       D       E      F
               +-------+-------+-------+-------+-------+----------------------
         Total | 100.0 | 100.0 |   0.0 |   0.0 |  72.1 | 369.0
       Dungeon | 100.0 | 100.0 |   0.0 |   0.0 |  72.1 | 369.0
               +-------+-------+-------+-------+-------+----------------------

Table legend:
 A = Kills in this place as a percentage of kills in entire the game.
 B = Kills by you in this place as a percentage of kills by you in the entire game.
 C = Kills by friends in this place as a percentage of kills by friends in the entire game.
 D = Other kills in this place as a percentage of other kills in the entire game.
 E = Experience gained in this place as a percentage of experience gained in the entire game.
 F = Experience gained in this place divided by the number of levels of this place that you have seen.
                   A       B       C       D       E      F
               +-------+-------+-------+-------+-------+----------------------
         Total | 100.0 | 100.0 |   N/A |   N/A | 100.0 |  41.0
       Dungeon | 100.0 | 100.0 |   N/A |   N/A | 100.0 |  41.0
               +-------+-------+-------+-------+-------+----------------------
